 Dungeon Crawl Stone Soup version 0.23.2-1-ga50397a (webtiles) character file.

Game seed: 17586898115391052422

107 dtyn the Digger (level 4, -3/24 HPs)
             Began as a Gargoyle Earth Elementalist on Apr 21, 2019.
             Slain by an iron imp (8 damage)
             ... summoned by Natasha
             ... on level 2 of the Dungeon on Apr 24, 2019.
             The game lasted 00:10:37 (2404 turns).

dtyn the Digger (Gargoyle Earth Elementalist)       Turns: 2404, Time: 00:10:38

Health: -3/24      AC:  5    Str: 11    XL:     4   Next: 86%
Magic:  3/8        EV: 12    Int: 16    God:
Gold:   77         SH:  0    Dex: 11    Spells: 5/9 levels left

rFire    x . .     SeeInvis .   h - +0 club
rCold    + . .     Gourm    .   (no shield)
rNeg     + . .     Faith    .   c - +0 robe
rPois    ∞         Spirit   .   (no helmet)
rElec    +         Reflect  .   (no cloak)
rCorr    .         Harm     .   (no gloves)
MR       .....                  (no boots)
Stlth    ++........             (no amulet)
HPRegen  0.08/turn              e - ring of ice
MPRegen  0.11/turn              m - ring of wizardry

@: slowed, very slow
A: negative energy resistance 1, electricity resistance, unbreathing,
petrification resistance, rot immunity, AC +3
a: no special abilities


You were on level 2 of the Dungeon.
You were not hungry.

You visited 1 branch of the dungeon, and saw 2 of its levels.

You collected 77 gold pieces.

Inventory:

Hand Weapons
 h - a +0 club (weapon)
Armour
 c - a +0 robe (worn)
 g - a +0 buckler
Jewellery
 e - a ring of ice (left hand)
 m - a ring of wizardry (right hand)
Scrolls
 d - a scroll of immolation {unknown}
 f - 3 scrolls of remove curse {unknown}
 j - a scroll of magic mapping {unknown}
 o - a scroll of identify {unknown}
Potions
 a - a potion of mutation {unknown}
 b - a potion of curing {unknown}
 i - a potion of heal wounds {unknown}
 k - a potion of haste {unknown}
 n - a potion of degeneration {unknown}
Comestibles
 l - 2 rations


   Skills:
 + Level 1.3 Maces & Flails
 - Level 1.5 Dodging
 - Level 2.1 Stealth
 + Level 3.3 Spellcasting
   Level 0.7 Transmutations
 + Level 5.0 Earth Magic


You had 5 spell levels left.
You knew the following spells:

 Your Spells              Type           Power        Failure   Level  Hunger
a - Sandblast             Erth           ###...       1%          1    None
b - Stone Arrow           Conj/Erth      ##....       8%          3    ###....

Your spell library contained the following spells:

 Spells                   Type           Power        Failure   Level  Hunger
 Passwall                 Tmut/Erth      ##......     3%          2    ##.....
 Petrify                  Tmut/Erth      ##......     22%         4    ####...
 Lee's Rapid Deconstruct  Erth           ###.......   26%         5    ######.


Dungeon Overview and Level Annotations

Branches:
Dungeon (2/15)

Altars:
Uskayaw

Annotations:
D:2 Natasha


Innate Abilities, Weirdness & Mutations

You are resistant to torment.
Your stone body is resilient. (AC +3)
You are immune to poison.
You resist negative energy. (rN+)
You are resistant to electric shocks. (rElec)
You can survive without breathing.
You are immune to petrification.
You are immune to rotting.


Message History

Natasha stares at you and mumbles some strange words.
You feel yourself slow down.
Casting: Stone Arrow (safe; 8% risk of failure)
Confirm with . or Enter, or press ? or * to list all spells.
You don't have enough magic to cast that spell.
Unknown command.
You closely miss Natasha.
Natasha is heavily wounded.
Natasha claws you. Natasha claws you but does no damage. The iron imp hits you.
You hit Natasha but do no damage.
Natasha is heavily wounded.
Natasha barely misses you. The iron imp barely misses you. Natasha claws you!
You hit Natasha but do no damage.
Natasha is heavily wounded.
The iron imp barely misses you. Natasha claws you but does no damage.
The iron imp closely misses you. Natasha completely misses you.
Natasha claws you.
* * * LOW HITPOINT WARNING * * *
The iron imp hits you!
You die...

#.# ##.# #### #.#
#.# #.5# #.. ..
#.###.# #.# ##.#.
#)#÷..####.###....
#...##...(..#..%..
#..###......#.#...
#..# #......†.#...
#h5# #......###...
#@## #......# ...
#.# #......# ...
#.# #......# #.>
#.# ######## #.
#.# ###


You could see an iron imp and Natasha.

Vanquished Creatures
  Natasha (D:2)
  An adder (D:1)
  2 dart slugs
  3 leopard geckos
  3 giant cockroaches
  4 goblins
  3 hobgoblins (D:1)
  17 jackals
  A ball python (D:1)
  11 bats
  2 frilled lizards (D:1)
  6 kobolds
  8 rats
62 creatures vanquished.

Notes
Turn   | Place    | Note
-------+----------+-------------------------------------------
     0 | D:1      | dtyn the Gargoyle Earth Elementalist began the quest for
                  | the Orb.
     0 | D:1      | Reached XP level 1. HP: 10/10 MP: 3/3
   342 | D:1      | Reached skill level 4 in Earth Magic
   342 | D:1      | Reached XP level 2. HP: 9/15 MP: 0/5
   737 | D:1      | Reached XP level 3. HP: 19/19 MP: 3/6
   742 | D:1      | Learned a level 3 spell: Stone Arrow
  1555 | D:2      | Reached XP level 4. HP: 24/24 MP: 8/8
  1844 | D:2      | Found a hide-covered altar of Uskayaw.
  1880 | D:2      | Noticed Natasha
  1885 | D:2      | Killed Natasha
  1885 | D:2      | Reached skill level 1 in Maces & Flails
  2080 | D:2      | Reached skill level 5 in Earth Magic
  2085 | D:2      | Noticed Natasha
  2112 | D:1      | HP: 1/24 [adder (4)]
  2404 | D:2      | Slain by an iron imp

Skill      XL: |  1  2  3  4 |
---------------+-------------+-----
Earth Magic    | 4 5 |  5.0
Spellcasting   | 3 |  3.3
Maces & Flails | 1 |  1.3
Dodging        | |  1.5
Stealth        | |  2.1
Transmutations | |  0.7

Action                   |  1- 3 |  4- 6 || total
-------------------------+-------+-------++-------
Melee: Unarmed           |    26 |       ||    26
       Club              |     3 |    47 ||    50
Throw: Stone             |     2 |       ||     2
 Cast: Sandblast         |    66 |     8 ||    74
       Stone Arrow       |       |    12 ||    12
 Stab: Sleeping          |     1 |     1 ||     2
  Eat: Ration            |     1 |     1 ||     2
Armor: Robe              |    20 |    22 ||    42
Dodge: Dodged            |    44 |    53 ||    97
